AoeStats
← Nonsohny

Lombardia

508015905Analyzed
2v2 RM · 11d ago on Sep 20, 2026· 58m 36s· 4 players
Game mode
Random Map
Map size
Medium (4 player)
Population
200
Speed
Normal
Resources
Standard
Victory
Conquest
Starting age
Dark Age
Ending age
Imperial Age
RankedLock teamsTeams togetherTeam positionsShared explorationLock speedFull tech treeHidden civsTurbo modeCheats
Victory
Defeat
🇵🇪 Persians · Peru
683
+15
🇨🇴 Sicilians · Colombia
650
+16
🇩🇪 Chinese · Germany
660
-16
🇩🇪 Goths · Germany
652
-15
nonsohny
12:27 Feudal Age
13:46 Wheelbarrow
13:05 Double-Bit Axe
13:19 Horse Collar
25:11 Castle Age
26:41 Hand Cart
26:40 Bow Saw
27:13 Heavy Plow
29:13 Caravan
34:09 Thumb Ring
36:50 Imperial Age
36:45 Fletching
36:58 Padded Archer Armor
37:21 Ballistics
37:12 Gold Mining
37:12 Stone Mining
37:21 Stone Mining
37:36 Bodkin Arrow
38:49 Chemistry
38:40 Conscription
40:31 Two-Man Saw
41:26 Elite Chu Ko Nu
43:09 Gold Shaft Mining
44:01 Leather Archer Armor
48:02 Rocketry
Nonsohny
0:58 Loom
14:45 Feudal Age
15:24 Horse Collar
16:06 Town Watch
16:56 Wheelbarrow
18:18 Double-Bit Axe
19:22 Gold Mining
19:22 Stone Mining
19:31 Stone Mining
23:39 Forging
23:29 Scale Mail Armor
26:20 Castle Age
25:32 Man-at-Arms
27:15 Squires
26:36 Pikeman
28:11 Caravan
30:50 Bow Saw
33:40 Anarchy
33:26 Long Swordsman
34:26 Hand Cart
34:28 Heavy Plow
34:35 Town Patrol
38:33 Imperial Age
36:44 Stone Shaft Mining
37:15 Iron Casting
36:55 Chain Mail Armor
38:39 Halberdier
38:39 Two-Handed Swordsman
40:32 Blast Furnace
40:05 Guilds
41:19 Two-Man Saw
40:58 Crop Rotation
41:23 Perfusion
41:54 Conscription
43:58 Champion
musoq
10:55 Feudal Age
16:24 Horse Collar
16:33 Double-Bit Axe
18:49 Castle Age
18:57 Loom
24:20 Bow Saw
24:15 Heavy Plow
25:06 Loom
25:57 Wheelbarrow
31:50 Imperial Age
30:38 Hand Cart
31:23 Ballistics
30:57 Heated Shot
33:55 Two-Man Saw
33:32 Crop Rotation
34:37 Town Watch
35:14 Forging
35:04 Scale Mail Armor
35:05 Padded Archer Armor
34:56 Fletching
36:10 Chemistry
35:17 Elite War Elephant
37:27 Caravan
39:37 Town Patrol
40:47 Masonry
41:21 Iron Casting
41:02 Chain Mail Armor
41:03 Leather Archer Armor
40:43 Bodkin Arrow
44:47 Blast Furnace
44:18 Plate Mail Armor
44:35 Heavy Camel Rider
54:10 Squires
53:30 Pikeman
CorleonePerez
0:55 Loom
2:07 Loom
11:12 Feudal Age
22:45 Castle Age
20:56 Scale Mail Armor
24:04 Wheelbarrow
23:42 Forging
23:49 Chain Mail Armor
25:09 Double-Bit Axe
29:51 Arson
30:11 Squires
30:25 Caravan
30:55 Coinage
31:58 Bow Saw
35:13 Imperial Age
33:00 Gambesons
34:50 Iron Casting
35:35 Gold Mining
35:37 Stone Mining
35:10 Pikeman
36:59 Plate Mail Armor
39:36 Hand Cart
40:25 Blast Furnace
41:20 Chemistry
42:31 Elite Serjeant
45:00 Scale Barding Armor
45:33 Husbandry
45:44 Bloodlines
44:54 Cavalier
47:50 Chain Barding Armor
Connection lost

Rejoining the realm…

Still unreachable

The connection could not be restored.

Session expired

The server has moved on; the page needs a fresh start.